 Dungeon Crawl Stone Soup version 0.30-a0-385-gfebfb9b408 (webtiles) character file.

Game seed: 7769617065765875475

81 Hubris850 the Grave Robber (level 4, 0/24 HPs)
             Began as a Deep Elf Necromancer on Dec 2, 2022.
             Slain by an orc
             ... wielding a +0 hand axe
              (4 damage)
             ... on level 2 of the Dungeon.
             The game lasted 00:05:24 (1520 turns).

Hubris850 the Grave Robber (Deep Elf Necromancer)   Turns: 1520, Time: 00:05:24

Health: 0/24       AC:  2    Str:  5    XL:     4   Next: 20%
Magic:  8/12       EV: 13    Int: 20    God:
Gold:   92         SH:  0    Dex: 17    Spells: 3/11 levels left

rFire   . . .      SeeInvis .    e - +1 dagger (flame)
rCold   . . .      Faith    .    (no shield)
rNeg    . . .      Spirit   .    a - +0 robe
rPois   .          Reflect  .    (no helmet)
rElec   .          Harm     .    (no cloak)
rCorr   .          Rampage  .    (no gloves)
Will    .....                    (no boots)
Stlth   +++.......               h - amulet of magic regeneration
HPRegen 0.24/turn                (no ring)
MPRegen 0.53/turn                (no ring)

@: no status effects
A: no striking features
a: no special abilities


You were on level 2 of the Dungeon.
You visited 1 branch of the dungeon, and saw 2 of its levels.

You collected 92 gold pieces.

Inventory:

Hand Weapons
 d - a +0 dagger
 e - a +1 dagger of flaming (weapon)
Armour
 a - a +0 robe (worn)
Jewellery
 h - an amulet of magic regeneration (around neck)
 l - a ring of protection from cold
Scrolls
 c - a scroll of fear {unknown}
 g - 2 scrolls of vulnerability {unknown}
 i - 2 scrolls of noise {unknown}
 j - a scroll of enchant weapon {unknown}
 k - a scroll of teleportation {unknown}
 m - a scroll of acquirement {unknown}
 n - a scroll of amnesia {unknown}
 o - a scroll of identify {unknown}
Potions
 b - a potion of magic
 f - a potion of attraction {unknown}


   Skills:
 + Level 3.4 Dodging
 + Level 3.6 Stealth
 + Level 4.0 Spellcasting
 + Level 5.4 Necromancy


You had 3 spell levels left.
You knew the following spells:

 Your Spells              Type           Power      Damage    Failure   Level
a - Necrotise             Necr           100%       1d9       1%          1
b - Vampiric Draining     Necr           25%        2d7       4%          3
c - Animate Dead          Necr           25%        N/A       14%         4

Your spell library contained the following spells:

 Spells                   Type           Power      Damage    Failure   Level
 Agony                    Necr           25%        N/A       36%         5


Dungeon Overview and Level Annotations

Branches:
Dungeon (2/15)

Altars:


Message History

Your orc skeleton hits the worm but does no damage.
The giant cockroach barely misses you.
The orc barely misses your orc skeleton.
Casting: Necrotise (safe; 1% risk of failure)
Confirm with . or Enter, or press ? or * to list all spells.
Aiming: Necrotise (safe; 1% risk of failure)
Press: ? - help, Shift-Dir - straight line, f - giant cockroach
Aim: a giant cockroach (chance to affect: 93%)
The giant cockroach writhes in agony.
The giant cockroach misses you.
Your orc skeleton hits the worm but does no damage.
The worm misses you.
The orc hits your orc skeleton with a +0 hand axe.
Casting: Necrotise (safe; 1% risk of failure)
Confirm with . or Enter, or press ? or * to list all spells.
Aiming: Necrotise (safe; 1% risk of failure)
Press: ? - help, Shift-Dir - straight line, f/p - giant cockroach
Aim: a giant cockroach (heavily wounded, chance to affect: 93%)
The giant cockroach writhes in agony!
You kill the giant cockroach!
Your orc skeleton hits the worm but does no damage.
The orc hits your orc skeleton with a +0 hand axe!
Your orc skeleton is destroyed!
The worm bites you.
Casting: Necrotise (safe; 1% risk of failure)
Confirm with . or Enter, or press ? or * to list all spells.
Aiming: Necrotise (safe; 1% risk of failure)
Press: ? - help, Shift-Dir - straight line, f - worm
Aim: a worm (ally target, chance to affect: 88%)
The worm writhes in agony!
Your orc skeleton hits the worm but does no damage.
Unknown command.
Casting: Necrotise (safe; 1% risk of failure)
Confirm with . or Enter, or press ? or * to list all spells.
Aiming: Necrotise (safe; 1% risk of failure)
Press: ? - help, Shift-Dir - straight line, f/p - worm
Aim: a worm (heavily wounded, ally target, chance to affect: 88%)
The worm barely resists.
Your orc skeleton hits the worm.
The worm bites you!
* * * LOW HITPOINT WARNING * * *
The orc attacks as you move away! The orc hits you with a +0 hand axe.
You die...

#.# #.#.... #.# #.###..
#.# #.# #.. #.# #.# #..
#.# #......
##########.#######..#..#
..../....#......... #.#
......†..#)<###### #.
......o@....# #
......wZ.##.# .......).#
.# >....(...# ..
.......$.# ##.
.........# # #######..#
##..


You could see a worm (ally target), an orc and a friendly orc skeleton.

Vanquished Creatures
  2 adders (D:2)
  2 dart slugs
  2 orcs (D:2)
  5 ball pythons
  3 bats (D:2)
  4 endoplasms
  3 giant cockroaches
  3 goblins (D:1)
  5 hobgoblins
  3 jackals (D:1)
  3 kobolds
  2 quokkas
  2 frilled lizards
39 creatures vanquished.

Vanquished Creatures (collateral kills)
  An adder (D:2)
  An endoplasm (D:1)
  A goblin (D:2)
3 creatures vanquished.

Grand Total: 42 creatures vanquished

Notes
Turn   | Place    | Note
-------+----------+-------------------------------------------
     0 | D:1      | Hubris850 the Deep Elf Necromancer began the quest for the
                  | Orb.
     0 | D:1      | Reached XP level 1. HP: 10/10 MP: 6/6
   383 | D:1      | Reached skill level 5 in Necromancy
   383 | D:1      | Reached XP level 2. HP: 15/15 MP: 8/8
  1113 | D:2      | Reached XP level 3. HP: 17/19 MP: 7/10
  1387 | D:2      | Reached XP level 4. HP: 23/24 MP: 7/11
  1416 | D:2      | Learned a level 3 spell: Vampiric Draining
  1421 | D:2      | Learned a level 4 spell: Animate Dead
  1520 | D:2      | Slain by an orc

Illustrated notes

Levels and vault maps discovered:
D:1:      sevenhm_arrival_forest_fort_large_3, layout_loops_corners
D:2:      layout_rooms, dilly_ecumenical_altar_fadedgnrine

Skill      XL: |  1  2  3  4 |
---------------+-------------+-----
Necromancy     | 5 |  5.4
Stealth        | 3 |  3.6
Dodging        | 3 |  3.4
Spellcasting   | 4 |  4.0

Action                   |  1- 3 |  4- 6 || total
-------------------------+-------+-------++-------
Melee: Dagger            |    17 |     4 ||    21
 Cast: Necrotise         |    45 |    10 ||    55
 Stab: Sleeping          |     5 |     2 ||     7
Armor: Robe              |     5 |     2 ||     7
Dodge: Dodged            |    26 |    12 ||    38

Table legend: (Time is in decaauts)
 A = Elapsed time spent in this place.
 B = Non-inter-level travel time spent in this place.
 C = Inter-level travel time spent in this place.
 D = Time resting spent in this place.
 E = Time spent auto-exploring this place.
 F = Levels seen in this place.
 G = Mean time per level.
                   A        B        C        D        E       F      G
               +--------+--------+--------+--------+--------+-----+--------+
         Total |   1518 |   1494 |     24 |     64 |   1143 |   2 |  759.0 |
       Dungeon |   1518 |   1494 |     24 |     64 |   1143 |   2 |  759.0 |
               +--------+--------+--------+--------+--------+-----+--------+

Top non-repeatable levels by time:
     D:1: 1106 daAuts
     D:2: 412 daAuts
